 Dungeon Crawl Stone Soup version 0.19.5 (webtiles) character file.

646 straycat the Insei (level 7, -2/52 HPs)
             Began as a Vampire Skald on May 17, 2017.
             Slain by a worker ant (8 damage)
             ... on level 5 of the Dungeon.
             The game lasted 01:03:14 (9861 turns).

straycat the Insei (Vampire Skald)                  Turns: 9861, Time: 01:03:14

Health: -2/52      AC:  0    Str:  9 (11) XL:     7   Next: 27%
Magic:  9/9        EV: 21    Int: 15 (17) God:
Gold:   163        SH:  0    Dex: 21 (22) Spells: 4 memorised, 4 levels left

rFire  . . .     SeeInvis +       - Unarmed
rCold  . . .     Gourm    .     (armour currently unavailable)
rNeg   + . .     Faith    .     (shield currently unavailable)
rPois  .         Spirit   .     (helmet currently unavailable)
rElec  .         Reflect  .     (cloak currently unavailable)
rCorr  .         Harm     .     (gloves currently unavailable)
MR     .....                    (boots currently unavailable)
Stlth  +++++.....               (no amulet)
                                (ring currently unavailable)
                                (ring currently unavailable)

@: lethally poisoned (-2 -> -3), bat-form, flying, very quick
A: fangs 3, (icy blue scales 0), thin skeletal structure 1, see invisible,
clever 1, (cold resistance 0), low mp 1, (unbreathing), (sturdy frame 0)
a: End Transformation


You were on level 5 of the Dungeon.
You were not thirsty.
You were in vampire-bat-form.
You visited 1 branch of the dungeon, and saw 5 of its levels.

You collected 163 gold pieces.

Inventory:

Hand Weapons
 d - a +0 spear
 g - a -3 dagger
 h - a +0 whip
 j - a +0 hunting sling
 k - a +2 spear of freezing
 m - a +1 dagger of venom
 s - a +0 mace
 t - a +2 dagger of speed (melded)
 u - a +0 hand axe
 v - a +0 war axe
 w - a +0 quarterstaff
 y - a +1 short sword of protection
 A - a +0 trident
 B - a +0 short sword
 E - a +0 giant club
 F - a +0 falchion
 I - a +0 shortbow
 N - a +0 halberd
 O - a cursed -3 flail
Missiles
 e - 66 arrows
 i - 17 poisoned needles
 n - 70 stones
 q - 35 sling bullets
 C - 7 javelins (quivered)
Armour
 a - a +0 leather armour (melded)
 l - a +0 ring mail
 x - a +2 cloak (melded)
 D - a +0 robe
 H - a +0 robe
Jewellery
 G - a +1 ring of protection (melded)
 L - an uncursed ring of fire {unknown}
Scrolls
 o - 2 scrolls of enchant armour
 p - 5 scrolls of remove curse
 z - a scroll of identify
Potions
 c - 11 potions of blood
Books
 b - a book of Battle

   Spells                             Type                      Level
   a - Infusion                       Charms                       1
   b - Shroud of Golubria             Charms/Translocation         2
   c - Song of Slaying                Charms                       2
   d - Spectral Weapon                Hexes/Charms                 3
   e - Regeneration                   Charms/Necromancy            3
 K - Unu Urru's Collected Works on Toxins and Heat
   (You found it on level 4 of the Dungeon)

   Spells                             Type                      Level
   a - Flame Tongue                   Conjuration/Fire             1
   b - Conjure Flame                  Conjuration/Fire             3
   c - Ignite Poison                  Fire/Transmutation/Poison    3
   d - Sticky Flame                   Conjuration/Fire             4
   e - Olgreb's Toxic Radiance        Poison                       4
   f - Venom Bolt                     Conjuration/Poison           5
 M - a book of Misfortune

   Spells                             Type                      Level
   a - Confusing Touch                Hexes                        1
   b - Confuse                        Hexes                        3
   c - Gell's Gravitas                Hexes/Translocation          3
   d - Petrify                        Transmutation/Earth          4
   e - Metabolic Englaciation         Hexes/Ice                    5
   f - Yara's Violent Unravelling     Hexes/Transmutation          5
Comestibles
 f - 3 beef jerkies
 J - a meat ration


   Skills:
 * Level 3.2 Fighting
 * Level 2.8 Short Blades
 + Level 0.1 Throwing
 + Level 1.4 Armour
 * Level 3.1 Dodging
 + Level 2.1 Stealth
 + Level 5.3 Unarmed Combat
 + Level 2.6 Spellcasting
 + Level 4.1 Charms
 + Level 0.7 Translocations


You had 4 spell levels left.
You knew the following spells:

 Your Spells              Type           Power        Failure   Level  Hunger
a - Infusion              Chrm           ##..         4%          1    #......
b - Shroud of Golubria    Chrm/Tloc      #.........   12%         2    ###....
c - Confusing Touch       Hex            #.....       21%         1    #......
d - Gell's Gravitas       Hex/Tloc       #.........   56%         3    ###....


Dungeon Overview and Level Annotations

Branches:
Dungeon (5/15)             Temple (0/1) D:4

Altars:
Yredelemnul

Annotations:
D:5 Eustachio


Innate Abilities, Weirdness & Mutations

You have razor-sharp teeth.
You have supernaturally acute eyesight. (SInv)
((You can survive without breathing.))
((You are partially covered in icy blue scales. (AC +2)))
You have a somewhat thin skeletal structure. (Dex +2, Stealth)
Your mind is acute. (Int +2)
((Your flesh is cold resistant. (rC+)))
Your magical capacity is low. (-10% MP)
((Your movements are slightly less encumbered by armour. (ER -2)))


Message History

You feel sick. The worker ant misses you.
You hit the worker ant but do no damage.
The worker ant is heavily wounded.
You hit the worker ant.
The worker ant is heavily wounded.
The worker ant closely misses you.
The howler monkey hoots and howls with incredible vigour!
You hear an angry hiss.
You hear a shout! x2
You hit the worker ant.
You bite the worker ant, but do no damage.
The worker ant is heavily wounded.
The worker ant bites you.
* * * LOW HITPOINT WARNING * * *
You hit the worker ant but do no damage.
You bite the worker ant, but do no damage.
The worker ant is heavily wounded.
You hit the worker ant but do no damage.
The worker ant is heavily wounded.
You feel sick. The worker ant bites you!
You die...

#.# .# #.##...# #.##...#
#.##...# ###.##....
#........#
.##############........#
.....5abh........h.....#
###############........#
######.#.. #.#.# #.#.#
#.#.# #.#.# #.... ###.#


You could see a howler monkey, a worker ant and a crimson imp.

Vanquished Creatures
  An ice beast (D:3)
  An ogre (D:4)
  Blork the orc (D:4)
  2 hounds (D:4)
  2 iguanas
  An orc wizard (D:3)
  6 gnolls
  9 adders
  3 worms
  3 dart slugs
  A leopard gecko (D:1)
  6 orcs
  4 ball pythons
  3 giant cockroaches
  9 goblins
  12 hobgoblins
  7 jackals
  2 quokkas
  13 bats
  6 frilled lizards
  14 kobolds
  A leopard gecko skeleton (D:4)
  11 rats
  A spectral orc (D:3)
119 creatures vanquished.

Notes
Turn   | Place    | Note
-------+----------+-------------------------------------------
     0 | D:1      | straycat the Vampire Skald began the quest for the Orb.
     0 | D:1      | Reached XP level 1. HP: 16/16 MP: 3/3
   370 | D:1      | Reached XP level 2. HP: 22/22 MP: 0/5
  1496 | D:1      | Reached XP level 3. HP: 26/27 MP: 2/6
  1725 | D:1      | Learned a level 2 spell: Shroud of Golubria
  2866 | D:2      | Reached skill level 3 in Unarmed Combat
  3027 | D:2      | Reached XP level 4. HP: 33/33 MP: 7/7
  3922 | D:2      | You are sucked into a shaft!
  4158 | D:4      | Noticed an ogre
  4184 | D:4      | Killed an ogre
  4184 | D:4      | Reached skill level 4 in Unarmed Combat
  4184 | D:4      | Reached XP level 5. HP: 22/39 MP: 8/8
  5819 | D:3      | Learned a level 1 spell: Confusing Touch
  6120 | D:3      | Reached skill level 5 in Unarmed Combat
  6153 | D:3      | Gained mutation: Your mind is acute. (Int +2) [potion of mutation]
  6153 | D:3      | Gained mutation: Your flesh is cold resistant. (rC+) [potion of mutation]
  6153 | D:3      | Gained mutation: Your movements are slightly less encumbered by armour. (ER -2) [potion of mutation]
  6161 | D:3      | Learned a level 3 spell: Gell's Gravitas
  6353 | D:2      | Reached skill level 1 in Stealth
  6381 | D:2      | Reached XP level 6. HP: 11/46 MP: 9/9
  7135 | D:3      | Found a basalt altar of Yredelemnul.
  7534 | D:3      | Noticed an ice beast
  7553 | D:3      | Killed an ice beast
  7553 | D:3      | Reached skill level 1 in Short Blades
  7553 | D:3      | Reached skill level 1 in Armour
  7559 | D:3      | Gained mutation: You are partially covered in icy blue scales. (AC +2) [potion of mutation]
  7559 | D:3      | Lost mutation: Your mind is acute. (Int +2) [potion of mutation]
  7559 | D:3      | Gained mutation: You have a somewhat thin skeletal structure. (Dex +2, Stealth) [potion of mutation]
  7560 | D:3      | Gained mutation: Your mind is acute. (Int +2) [potion of mutation]
  7560 | D:3      | Gained mutation: Your magical capacity is low. (-10% MP) [potion of mutation]
  8977 | D:4      | Noticed Blork the orc
  8994 | D:4      | Killed Blork the orc
  8994 | D:4      | Reached XP level 7. HP: 41/52 MP: 9/9
  9329 | D:4      | Identified Unu Urru's Collected Works on Toxins and Heat
  9407 | D:4      | Found a staircase to the Ecumenical Temple.
  9765 | D:5      | Entered Level 5 of the Dungeon
  9765 | D:5      | Noticed Eustachio
  9861 | D:5      | Slain by a worker ant

Skill      XL: |  1  2  3  4  5  6  7 |
---------------+----------------------+-----
Fighting       | 2 3 |  3.2
Unarmed Combat | 3 4 5 |  5.3
Dodging        | 2 3 |  3.1
Stealth        | 1 2 |  2.1
Short Blades   | 2 |  2.8
Armour         | 1 |  1.4
Charms         | 4 |  4.1
Throwing       | |  0.1
Spellcasting   | |  2.6
Translocations | |  0.7

Action                   |  1- 3 |  4- 6 |  7- 9 || total
-------------------------+-------+-------+-------++-------
Melee: Unarmed           |   165 |   443 |    14 ||   622
       Bite              |    18 |    66 |    14 ||    98
       Dagger            |       |   137 |    72 ||   209
       Punch             |       |     3 |     2 ||     5
Throw: Stone             |     3 |       |       ||     3
       Javelin           |       |     8 |       ||     8
 Cast: Infusion          |    13 |    23 |     2 ||    38
       Shroud of Golubri |     1 |     2 |       ||     3
 Abil: Bat Form          |     2 |     2 |     1 ||     5
       End Transformatio |     1 |     3 |       ||     4
  Use: Potion            |     5 |    21 |     3 ||    29
       Scroll            |     3 |     5 |       ||     8
 Stab: Sleeping          |     1 |     9 |     1 ||    11
       Distracted        |       |     1 |       ||     1
  Eat: Corpse            |     3 |     3 |       ||     6
Armor: Leather armour    |    49 |    35 |    24 ||   108
Dodge: Dodged            |   132 |   291 |    68 ||   491
